 Dungeon Crawl Stone Soup version 0.30-a0-715-gdb4ae3ece1 (webtiles) character file.

Game seed: 12502249059665134236

6404 M4edhros the Martial Artist (level 10, -2/82 HPs)
             Began as an Octopode Transmuter on Jan 24, 2023.
             Was an Elder of Cheibriados.
             Slain by a two-headed ogre
             ... wielding a +0 dire flail
              (17 damage)
             ... on level 11 of the Dungeon.
             The game lasted 00:30:22 (5518 turns).

M4edhros the Martial Artist (Octopode Transmuter)   Turns: 5518, Time: 00:30:22

Health: -2/82      AC:  8    Str: 27    XL:     10   Next: 98%
Magic:  8/19       EV: 13    Int: 25    God:    Cheibriados [****..]
Gold:   432        SH:  0    Dex: 26    Spells: 10/21 levels left

rFire   x . .      SeeInvis .      - Unarmed
rCold   + + +      Faith    .    (shield currently unavailable)
rNeg    . . .      Spirit   .    (helmet currently unavailable)
rPois   +          Reflect  .    p - amulet of regeneration
rElec   .          Harm     .    a - ring of poison resistance
rCorr   .          Rampage  .    d - +6 ring of strength
Will    .....                    C - ring of flight
Stlth   ++                       (no ring)
HPRegen 1.13/turn                (no ring)
MPRegen 0.16/turn                (no ring)
                                 (no ring)
                                 (no ring)

@: ice-form, flying, very slow
A: freezing attack, boosted hp, almost no armour, amphibious, 8 rings, large,
(camouflage 1), (gelatinous body 1), (nimble swimmer 1), (tentacles)
a: End Transformation, Renounce Religion, Bend Time, Temporal Distortion, Slouch


You were on level 11 of the Dungeon.
You worshipped Cheibriados.
Cheibriados was greatly pleased with you.
You were a creature of crystalline ice.
You visited 2 branches of the dungeon, and saw 12 of its levels.

You collected 432 gold pieces.

Inventory:

Missiles
 g - 3 curare-tipped darts
 o - 27 poisoned darts
 B - 5 javelins
Jewellery
 a - a ring of poison resistance (left front paw)
 d - a +6 ring of strength (right front paw)
 l - an amulet of guardian spirit
 p - an amulet of regeneration (around neck)
 y - an amulet of magic regeneration
 A - an amulet of reflection
 C - a ring of flight (on tentacle)
Wands
 i - a wand of flame (37)
 s - a wand of mindburst (7)
 w - a wand of digging (2)
Scrolls
 b - a scroll of amnesia
 c - 3 scrolls of magic mapping
 f - 2 scrolls of teleportation
 h - 2 scrolls of enchant armour
 m - 2 scrolls of enchant weapon
 r - a scroll of poison
 t - a scroll of fog
Potions
 e - a potion of flight {unknown}
 j - a potion of curing
 k - a potion of brilliance {unknown}
 n - a potion of resistance
 q - a potion of invisibility
 u - a potion of cancellation
 x - 2 potions of attraction
 z - 2 potions of lignification
 D - a potion of mutation {unknown}


   Skills:
 - Level 6.5 Fighting
 + Level 4.0 Dodging
 - Level 10.0 Unarmed Combat
 - Level 6.0 Spellcasting
 - Level 3.0 Hexes
 - Level 5.0 Transmutations
 - Level 3.0 Ice Magic
 - Level 7.4 Poison Magic


You had 10 spell levels left.
You knew the following spells:

 Your Spells              Type           Power      Damage    Failure   Level
b - Olgreb's Toxic Radia  Pois           44%        N/A       3%          4
c - Ice Form              Ice/Tmut       27%        N/A       14%         4
d - Poisonous Vapours     Pois/Air       52%        N/A       2%          2
e - Slow                  Hex            88%        N/A       2%          1

Your spell library contained the following spells:

 Spells                   Type           Power      Damage    Failure   Level
 Beastly Appendage        Tmut           64%        N/A       1%          1
 Sting                    Tmut/Pois      100%       1d8       1%          1
 Wereblood                Tmut           32%        N/A       1%          2
 Spider Form              Tmut/Pois      38%        N/A       1%          3
 Ensorcelled Hibernation  Hex/Ice        44%        N/A       3%          2
 Passwall                 Tmut/Erth      16%        N/A       4%          2
 Confusing Touch          Hex            22%        N/A       6%          3
 Swiftness                Air            7%         N/A       22%         3
 Vampiric Draining        Necr           7%         2d6       22%         3


Dungeon Overview and Level Annotations

Branches:
Dungeon (11/15)            Temple (1/1) D:4            Lair (0/5) D:10
    Orc: D:9-12

Altars:
Ashenzari
Cheibriados
Dithmenos
Elyvilon
Hepliaklqana
Nemelex Xobeh
Okawaru
Qazlal
Ru
Sif Muna
Wu Jian
Yredelemnul
Zin
The Shining One

Shops:
D:1 (

Annotations:
D:11 Urug


Innate Abilities, Weirdness & Mutations

You are a creature of crystalline ice.
You have a powerful freezing melee attack.
Your maximum health is increased.
Your armour is entirely melded.
You are incapable of wielding weapons or throwing items.
You cannot wear most types of armour.
You are amphibious.
You can wear up to eight rings at the same time.
((Your skin changes colour to match your surroundings (Stealth+).))
((Your rubbery body absorbs attacks. (AC +1, EV +1)))
((You are camouflaged when in or above water. (Stealth+)))
((You have tentacles for arms and can constrict up to eight enemies at once.))


Message History

You completely miss the manticore.
The manticore is almost dead.
Your toxic aura wanes.
The manticore bites you!
* * * LOW HITPOINT WARNING * * *
The manticore claws you but does no damage.
The manticore barely misses you.
You pummel the manticore!! You freeze the manticore.
You kill the manticore!
Cheibriados appreciates the change of pace.
A two-headed ogre comes into view.
It is wielding a +0 dire flail and a +0 giant club.
Your Dodging skill gained 2 levels and is now at level 4!
Okay, then.
Okay, then.
Okay, then.
Okay, then.
Okay, then.
Okay, then.
Okay, then.
Aiming: Mindburst
Press: ? - help, Shift-Dir - straight line, f - two-headed ogre
Aim: a two-headed ogre, wielding a +0 dire flail and a +0 giant club (chance to affect: 47%)
Okay, then.
Okay, then.
Okay, then.
Okay, then.
Okay, then.
Really read the scroll of torment?
As you read the scroll of torment, it crumbles to dust.
Your body is wracked with pain!
* * * LOW HITPOINT WARNING * * *
The two-headed ogre convulses!
Okay, then.
You hit the two-headed ogre. You freeze the two-headed ogre.
The two-headed ogre is heavily wounded.
You carefully extract the barbed spikes from your body.
You hit the two-headed ogre but do no damage.
The two-headed ogre is heavily wounded.
The two-headed ogre hits you with a +0 dire flail!
You die...

.$..... ...?.
..... .). .# #
... #..#
...#.##)##..#.#
..^...))).....#
#Y# #O#
#....)..#
........####
.......<.
#.####### #


You could see a two-headed ogre.

Vanquished Creatures
  A two-headed ogre (D:11)
  Pikel (D:7)
  A manticore (D:11)
  A troll (D:10)
  Grinder (D:6)
  4 yaks (D:10)
  A vampire (D:10)
  A wraith (D:10)
  A steam dragon (D:8)
  An acid dragon (D:10)
  3 water moccasins
  Duvessa (D:6)
  An ice beast (D:8)
  3 orc warriors
  A black bear (D:4)
  3 centaurs
  An ogre (D:6)
  4 lemures (D:7)
  4 kobold brigands
  A necrophage (D:4)
  2 bullfrogs (D:7)
  2 scorpions
  2 wights (D:8)
  Dowan (D:6)
  11 killer bees
  2 electric eels (D:5)
  A jelly (D:5)
  A gnoll bouda (D:7)
  3 hounds
  Terence (D:2)
  7 orc priests
  Jessica (D:2)
  2 iguanas
  14 orc wizards
  6 gnolls
  8 adders
  2 shadow imps
  An ufetubus (D:5)
  A worm (D:2)
  2 dart slugs
  39 orcs
  5 endoplasms
  2 giant cockroaches
  5 goblins
  6 hobgoblins
  3 jackals (D:2)
  20 kobolds
  2 quokkas
  8 ball pythons
  6 bats
  3 frilled lizards
  2 rats
206 creatures vanquished.

Vanquished Creatures (others)
  12 fungi (D:7)
  2 plants (D:5)
14 creatures vanquished.

Grand Total: 220 creatures vanquished

Notes
Turn   | Place    | Note
-------+----------+-------------------------------------------
     0 | D:1      | M4edhros the Octopode Transmuter began the quest for the
                  | Orb.
     0 | D:1      | Reached XP level 1. HP: 13/13 MP: 3/3
    71 | D:2      | Reached XP level 2. HP: 3/18 MP: 5/5
   449 | D:3      | Reached skill level 4 in Unarmed Combat
   451 | D:3      | Reached XP level 3. HP: 12/23 MP: 6/6
   685 | D:4      | Noticed a kobold brigand
   694 | D:4      | Killed a kobold brigand
   695 | D:4      | Reached skill level 5 in Unarmed Combat
   695 | D:4      | Reached XP level 4. HP: 12/29 MP: 5/7
   795 | D:5      | Entered Level 5 of the Dungeon
   816 | D:5      | Found a transporter.
   832 | D:5      | Found a transporter.
   840 | D:5      | Reached XP level 5. HP: 27/36 MP: 6/8
   982 | D:5      | Reached XP level 6. HP: 27/43 MP: 7/9
  1151 | D:5      | Reached skill level 5 in Fighting
  1437 | D:4      | Reached XP level 7. HP: 27/51 MP: 4/10
  2012 | D:4      | Found a staircase to the Ecumenical Temple.
  2051 | Temple   | Entered the Ecumenical Temple
  2068 | Temple   | Became a worshipper of Cheibriados the Contemplative
  2085 | D:4      | Learned a level 4 spell: Olgreb's Toxic Radiance
  2346 | D:1      | Found Dyuc's Antique Weapon Emporium.
  2474 | D:2      | Reached skill level 1 in Poison Magic
  2496 | D:2      | Noticed Jessica
  2500 | D:2      | Killed Jessica
  2524 | D:2      | Reached * piety under Cheibriados
  2578 | D:2      | Noticed Terence
  2591 | D:2      | Killed Terence
  2761 | D:1      | Found a faded altar of an unknown god.
  3197 | D:6      | Reached XP level 8. HP: 26/58 MP: 10/12
  3242 | D:6      | Learned a level 4 spell: Ice Form
  3245 | D:6      | Learned a level 2 spell: Poisonous Vapours
  3364 | D:6      | Learned a level 1 spell: Slow
  3449 | D:6      | Noticed Grinder
  3451 | D:6      | Paralysed by Grinder for 2 turns
  3459 | D:6      | Killed Grinder
  3460 | D:6      | Reached skill level 1 in Hexes
  3460 | D:6      | Reached skill level 1 in Ice Magic
  3538 | D:6      | Reached ** piety under Cheibriados
  3539 | D:6      | Reached skill level 5 in Poison Magic
  3589 | D:6      | Noticed Duvessa
  3592 | D:6      | Noticed Dowan
  3598 | D:6      | Killed Duvessa
  3600 | D:6      | Killed Dowan
  3744 | D:7      | Noticed Pikel
  3749 | D:7      | Reached XP level 9. HP: 63/63 MP: 5/15
  3770 | D:7      | Killed Pikel
  3771 | D:7      | Reached skill level 5 in Spellcasting
  3901 | D:6      | Found a basalt altar of Yredelemnul.
  3904 | D:6      | Found an iron altar of Okawaru.
  3909 | D:6      | Found a glowing silver altar of Zin.
  3910 | D:6      | Found a shimmering blue altar of Sif Muna.
  3911 | D:6      | Found a shadowy altar of Dithmenos.
  3912 | D:6      | Found a sparkling altar of Nemelex Xobeh.
  3914 | D:6      | Found a hazy altar of Hepliaklqana.
  3918 | D:6      | Found a broken altar of Ashenzari.
  4012 | D:7      | Reached *** piety under Cheibriados
  4412 | D:8      | Reached skill level 5 in Transmutations
  4504 | D:8      | Reached XP level 10. HP: 69/69 MP: 16/19
  4515 | D:8      | Reached skill level 6 in Unarmed Combat
  4705 | D:9      | Reached **** piety under Cheibriados
  4844 | D:10     | Entered Level 10 of the Dungeon
  4932 | D:10     | Reached skill level 7 in Unarmed Combat
  5076 | D:10     | Reached skill level 8 in Unarmed Combat
  5217 | D:10     | Reached skill level 9 in Unarmed Combat
  5362 | D:10     | Found a staircase to the Lair.
  5395 | D:11     | Noticed a two-headed ogre
  5441 | D:11     | Noticed Urug
  5507 | D:11     | Killed a two-headed ogre
  5508 | D:11     | Reached skill level 10 in Unarmed Combat
  5508 | D:11     | Noticed a manticore
  5515 | D:11     | Killed a manticore
  5515 | D:11     | Noticed a two-headed ogre
  5518 | D:11     | Slain by a two-headed ogre

Illustrated notes

Levels and vault maps discovered:
D:1:      lemuel_arrival_cross, layout_basic,
          hellmonk_ecumenical_altar_inner_sanctum, serial_shops,
          nicolae_shop_competitors_out_of_business
D:2:      layout_basic, uniq_terence, uniq_jessica
D:3:      layout_basic, kennysheep_donut
D:4:      layout_loops_ring, xom_teletrap_fun, minmay_temple_entry_offerings
D:5:      gammafunk_steamed_eel, layout_basic, kennysheep_generic_room_11
D:6:      layout_loops_corners, nicolae_overflow_hallway_of_the_gods,
          uniq_duvessa, uniq_grinder
D:7:      kennysheep_steamy, layout_rooms, hangedman_decor_push,
          grunt_ministairs_9, uniq_pikel
D:8:      layout_basic, grunt_ministairs_4
D:9:      layout_cave_pods
D:10:     layout_roguey, lair_entry_dummy, special_room [special_room_orc],
          grunt_livestock
D:11:     layout_loops_ring, minmay_orc_entry_guard_dogs,
          portal_ice_cave_entry_animals_and_master, nicolae_nh_oracle_at_delphi,
          uniq_sonja, uniq_urug
Temple:   nicolae_temple_god_jail

Skill      XL: |  1  2  3  4  5  6  7  8  9 10 |
---------------+-------------------------------+-----
Unarmed Combat | 4 5 10 | 10.0
Fighting       | 2 4 5 6 |  6.5
Poison Magic   | 3 6 7 |  7.4
Spellcasting   | 4 6 |  6.0
Hexes          | 2 3 |  3.0
Ice Magic      | 3 |  3.0
Transmutations | 5 |  5.0
Dodging        | 4 |  4.0

Action                     |  1- 3 |  4- 6 |  7- 9 | 10-12 || total
---------------------------+-------+-------+-------+-------++-------
  Melee: Unarmed           |    56 |    40 |   229 |    58 ||   383
         Constrict         |    14 |    14 |    50 |     4 ||    82
         Tentacles         |     9 |     7 |    44 |     2 ||    62
         Kick              |     4 |    15 |    50 |       ||    69
         Punch             |       |     3 |     8 |     3 ||    14
   Cast: Beastly Appendage |     1 |     5 |    24 |       ||    30
         Olgreb's Toxic Ra |       |       |    12 |    12 ||    24
         Slow              |       |       |     4 |     2 ||     6
         Ice Form          |       |       |     2 |     7 ||     9
  Evoke: Wand              |       |     2 |       |     3 ||     5
    Use: Potion            |     1 |       |     1 |     2 ||     4
         Scroll            |       |       |       |    20 ||    20
   Stab: Sleeping          |       |       |    15 |       ||    15
 Armour: Skin              |    14 |     3 |    24 |    18 ||    59
  Dodge: Dodged            |    45 |    24 |   138 |    48 ||   255

Table legend: (Time is in decaauts)
 A = Elapsed time spent in this place.
 B = Non-inter-level travel time spent in this place.
 C = Inter-level travel time spent in this place.
 D = Time resting spent in this place.
 E = Time spent auto-exploring this place.
 F = Levels seen in this place.
 G = Mean time per level.
                   A        B        C        D        E       F      G
               +--------+--------+--------+--------+--------+-----+--------+
         Total |   6991 |   6038 |    953 |    176 |   1320 |  12 |  582.6 |
       Dungeon |   6960 |   6020 |    940 |    176 |   1320 |  11 |  632.7 |
        Temple |     30 |     17 |     13 |      0 |      0 |   1 |   30.0 |
               +--------+--------+--------+--------+--------+-----+--------+

Top non-repeatable levels by time:
    D:10: 1004 daAuts
     D:4: 898 daAuts
     D:5: 842 daAuts
     D:6: 776 daAuts
     D:2: 741 daAuts
     D:8: 663 daAuts
     D:3: 542 daAuts
     D:9: 537 daAuts
     D:1: 501 daAuts
     D:7: 430 daAuts
  Temple: 30 daAuts
    D:11: 20 daAuts
